 Dungeon Crawl Stone Soup version 0.32-a0-975-g85d4e5bfdb (webtiles) character file.

Game seed: 7725590244937733414

382 Emyrixl the Chopper (level 6, -1/48 HPs)
             Began as a Coglin Fighter on Apr 19, 2024.
             Succumbed to a gnoll's poison
             ... on level 4 of the Dungeon.
             The game lasted 00:11:12 (3393 turns).

Emyrixl the Chopper (Coglin Fighter)                Turns: 3393, Time: 00:11:12

Health: -1/48      AC: 10    Str: 18    XL:     6   Next: 76%
Magic:  6/6        EV:  8    Int:  7    God:
Gold:   65         SH:  0    Dex: 14    Spells: 5/5 levels left

rFire   . . .        a - +0 war axe {Jin}
rCold   . . .        e - +0 mace {Uttamveer}
rNeg    . . .        b - +0 scale mail
rPois   .            q - +0 helmet
rElec   .            (no cloak)
rCorr   .            r - +0 pair of gloves
SInv    .            n - +0 pair of boots
Will    .....        (amulet unavailable) Stlth
                     (ring unavailable)
HPRegen 0.28/turn    (ring unavailable)
MPRegen 0.10/turn    (no gizmo)

%: no passive effects
@: lethally poisoned (-1 -> -16), hasted, revving, very quick
A: off-hand wielding, slow wielding, warmup strikes, no jewellery
a: Invent Gizmo


You were on level 4 of the Dungeon.
You visited 1 branch of the dungeon, and saw 4 of its levels.

You collected 155 gold pieces.
You spent 90 gold pieces at shops.

Inventory:

Hand Weapons
 a - a +0 war axe (weapon) {Jin}
 d - a +0 halberd
 e - a +0 mace (offhand) {Uttamveer}
Armour
 b - a +0 scale mail (worn)
 c - a +0 buckler
 f - a +0 helmet
 n - a +0 pair of boots (worn)
 q - a +0 helmet (worn)
 r - a +0 pair of gloves (worn)
Scrolls
 g - a scroll of vulnerability
 i - a scroll of noise
 j - 2 scrolls of immolation
 m - a scroll of teleportation
 p - 2 scrolls of blinking
 u - a scroll of fog
Potions
 h - a potion of enlightenment
 s - a potion of lignification


   Skills:
 + Level 4.0 Fighting
 + Level 4.1(4.5) Axes
 + Level 2.3(3.4) Maces & Flails
 + Level 3.9 Armour
 + Level 0.8 Dodging
 + Level 0.4 Stealth
 + Level 2.4 Shields


You had 5 spell levels left.
You didn't know any spells.
Your spell library contained the following spells:

 Spells                   Type           Power      Damage    Failure   Level
 Static Discharge         Conj/Air       0%         3-3/arc   91%         2
 Airstrike                Air            0%         2d(0-16)  100%        4
 Summon Lightning Spire   Summ/Air       0%         N/A       100%        4


Dungeon Overview and Level Annotations

Branches:
Dungeon (4/15)
 Temple: D:4-7

Altars:
Hepliaklqana
Wu Jian

Shops:
D:3 ([*[*   D:4 (

Annotations:
D:4 Grinder


Innate Abilities, Weirdness & Mutations

You can wield a second weapon in your off-hand.
It takes a long time for you to wield or remove held weapons.
Your first few attacks do less damage.
You cannot equip rings or amulets.


Message History

You hit the scorpion with your +0 mace.
The scorpion is almost dead.
You slash the scorpion with your +0 war axe!
You kill the scorpion!
Your Fighting skill increases to level 4!
You see here a scorpion corpse.
You now have 65 gold pieces (gained 14).
A gnoll comes into view. It is wielding a +2 spear of venom.
The gnoll shouts!
You hear a shout!
Grinder comes into view.
A gnoll comes into view. It is wielding a +0 spear.
A gnoll comes into view. It is wielding a +0 whip.
The gnoll shouts! x2; You hear a shout!
The gnoll completely misses you.
A gnoll comes into view. It is wielding a +0 flail.
The gnoll hits you with a +2 spear of venom.
You are poisoned.
You barely miss the gnoll with your +0 war axe.
You hit the gnoll with your +0 mace.
You feel very sick.
You slash Grinder with your +0 war axe!
Grinder is moderately wounded.
You hit Grinder with your +0 mace.
You feel sick.
The gnoll hits you from afar with a +2 spear of venom.
You feel sick. The gnoll attacks as it pursues you!
The gnoll hits you from afar with a +2 spear of venom.
You are more poisoned.
You feel very sick. The gnoll attacks as it pursues you!
The gnoll hits you but does no damage.
You are more poisoned.
You barely miss Grinder with your +0 war axe.
Grinder is heavily wounded.
You barely miss Grinder with your +0 mace.
You feel very sick. Grinder hits you.
You writhe in agony.
* * * LOW HITPOINT WARNING * * *
The gnoll completely misses you. Grinder hits you!
* * * LOW HITPOINT WARNING * * *
You feel yourself speed up.
You die...

#.# #.##.# ..#
#..... .g# #.##.#
#.# #.# #..#)# #g#
#.# #.#.). #g# #.#
#.##.# #g# #.#
#.##.#
#5#####.#####.##.#
#@...##.#.....##)#
#.####.##.#.######.#
#........†.........
#.####.............#
###############


You could see Grinder and 4 gnolls.

Vanquished Creatures
  Menkaure (D:4)
  A scorpion (D:4)
  Natasha (D:4)
  An iguana (D:4)
  Robin (D:4)
  4 gnolls (D:4)
  4 adders
  A ribbon worm (D:3)
  5 dart slugs
  An orc (D:4)
  3 ball pythons (D:4)
  2 bats
  2 endoplasms (D:3)
  12 goblins
  5 hobgoblins
  3 jackals (D:1)
  4 kobolds
  4 quokkas
  5 frilled lizards
  2 rats
62 creatures vanquished.

Notes
Turn   | Place    | Note
-------+----------+-------------------------------------------
     0 | D:1      | Emyrixl the Coglin Fighter began the quest for the Orb.
     0 | D:1      | Reached XP level 1. HP: 18/18 MP: 1/1
   136 | D:1      | Reached XP level 2. HP: 24/24 MP: 2/2
  1108 | D:2      | Reached XP level 3. HP: 29/29 MP: 3/3
  1652 | D:2      | Found an ornate altar of the Wu Jian Council.
  1897 | D:3      | Found Vecudi's General Store.
  2051 | D:3      | Reached XP level 4. HP: 35/35 MP: 4/4
  2107 | D:3      | Found Hebyly's Armour Shoppe.
  2114 | D:3      | Bought a +0 helmet for 45 gold pieces
  2114 | D:3      | Bought a +0 pair of gloves for 45 gold pieces
  2125 | D:3      | Found Eshreyrr's Assorted Antiques.
  2143 | D:3      | Found Dyaqeran's Antique Armour Shop.
  2454 | D:3      | Found Byasant's Antique Weapon Shop.
  2517 | D:3      | Found a hazy altar of Hepliaklqana.
  2694 | D:3      | Found a faded altar of an unknown god.
  2887 | D:4      | Found Boenk's Weapon Shoppe.
  2895 | D:4      | Reached skill level 1 in Maces & Flails
  2911 | D:4      | Noticed Menkaure
  2917 | D:4      | Killed Menkaure
  2918 | D:4      | Reached XP level 5. HP: 14/42 MP: 5/5
  2972 | D:4      | Noticed Natasha
  2978 | D:4      | Killed Natasha
  2979 | D:4      | Reached XP level 6. HP: 44/48 MP: 6/6
  3198 | D:4      | Noticed Robin
  3207 | D:4      | Killed Robin
  3384 | D:4      | Noticed Grinder
  3392 | D:4      | HP: 2/48 [Grinder (8)]
  3393 | D:4      | Succumbed to a gnoll's poison

Illustrated notes

Levels and vault maps discovered:
D:1:      amcnicky_arrival_choice, layout_basic, chequers_big_river
D:2:      wander_river, layout_basic, basic_altar, kennysheep_pointless_box,
          dreamdust_mushroom_princess
D:3:      layout_loops_ring, mainiacjoe_overflow_concentric_impassable,
          serial_shops, nicolae_shop_hallway_stairs,
          nicolae_shop_tiny_real_fake_doors, nicolae_shop_stone, shop,
          nicolae_shop_stone, hellmonk_ecumenical_altar_prayer_group,
          grunt_decor_clamped
D:4:      layout_loops_ring, serial_shops, nicolae_shop_waterfront, uniq_robin,
          uniq_natasha, uniq_menkaure, uniq_grinder

Skill      XL: |  1  2  3  4  5  6 |
---------------+-------------------+-----
Armour         | 3 |  3.9
Maces & Flails | 1 2 |  2.3
Axes           | 3 4 |  4.1
Fighting       | 4 |  4.0
Dodging        | |  0.8
Stealth        | |  0.4
Shields        | |  2.4

Action                     |  1- 3 |  4- 6 || total
---------------------------+-------+-------++-------
  Melee: War axe           |    45 |    60 ||   105
         Mace              |    44 |    46 ||    90
    Use: Scroll            |     4 |     3 ||     7
         Potion            |       |     8 ||     8
 Armour: Scale mail        |    68 |    68 ||   136
  Dodge: Dodged            |    34 |    43 ||    77
  Block: Buckler           |     1 |       ||     1

Table legend: (Time is in decaauts)
 A = Elapsed time spent in this place.
 B = Non-inter-level travel time spent in this place.
 C = Inter-level travel time spent in this place.
 D = Time resting spent in this place.
 E = Time spent auto-exploring this place.
 F = Levels seen in this place.
 G = Mean time per level.
                   A        B        C        D        E       F      G
               +--------+--------+--------+--------+--------+-----+--------+
         Total |   3447 |   3447 |      0 |      0 |   2264 |   4 |  861.8 |
       Dungeon |   3447 |   3447 |      0 |      0 |   2264 |   4 |  861.8 |
               +--------+--------+--------+--------+--------+-----+--------+

Top non-repeatable levels by time:
     D:3: 1014 daAuts
     D:2: 973 daAuts
     D:1: 950 daAuts
     D:4: 509 daAuts
